 Dungeon Sprint DCSS version 0.21-a0-216-g6d3fd91 (webtiles) character file.

1308 potatolord6000 the Protected (level 8, -2/72 HPs)
             Began as a Human Fighter on Aug 23, 2017.
             Slain by an ufetubus (4 damage)
             ... summoned by a neqoxec
             ... in the Dungeon (Sprint II: "The Violet Keep of Menkaure").
             The game lasted 00:02:59 (368 turns).

potatolord6000 the Protected (Human Fighter)         Turns: 368, Time: 00:02:59

Health: -2/72      AC:  5    Str: 19    XL:     8   Next: 88%
Magic:  8/8        EV:  8    Int:  8    God:
Gold:   972        SH: 11    Dex: 13    Spells: 7/7 levels left

rFire    . . .     SeeInvis .   a - +0 war axe
rCold    . . .     Gourm    .   c - +0 shield
rNeg     . . .     Faith    .   b - +0 scale mail
rPois    .         Spirit   .   (no helmet)
rElec    .         Reflect  .   (no cloak)
rCorr    .         Harm     .   (no gloves)
MR       .....     NoTele   +   (no boots)
Stlth    ..........             (no amulet)
HPRegen  0.22/turn              (no ring)
MPRegen  0.11/turn              (no ring)

@: no status effects
A: deformed body, MP-powered wands
a: no special abilities


You were in the Dungeon.
You were not hungry.

You visited 1 branch You collected 972 gold pieces.

Inventory:

Hand Weapons
 a - a +0 war axe (weapon)
Armour
 b - a +0 scale mail (worn)
 c - a +0 shield (worn)
Scrolls
 k - a scroll of blinking
Potions
 i - 2 potions of magic
Comestibles
 f - a bread ration


   Skills:
 + Level 9.8 Fighting
 + Level 9.5 Axes
 + Level 9.8 Armour
 + Level 9.7 Shields


You had 7 spell levels left.
You didn't know any spells.

Dungeon Overview and Level Annotations

Branches:
Dungeon (1/1)

Altars:

Shops:
D ::[[?}!=!=%}(?=:

Annotations:
D exclusion: oklob plant


Innate Abilities, Weirdness & Mutations

Armour fits poorly on your strangely shaped body.
You expend magic power (3 MP) to strengthen your wands.


Message History

Your shield and scale mail prevent you from hitting Menkaure.
Menkaure is almost destroyed.
Menkaure closely misses you. Menkaure hits you but does no damage.
You slash Menkaure!
You destroy Menkaure!
The neqoxec gestures.
You closely miss the ufetubus. You closely miss the neqoxec.
The ufetubus hits you.
* * * LOW HITPOINT WARNING * * *
You block the ufetubus's attack. The neqoxec gestures at you.
Strange energies course through your body.
You feel your magical essence link to your wands.
You block the ufetubus's attack.
The ufetubus hits you but does no damage.
Unknown command.
You hit the ufetubus.
The ufetubus is moderately wounded.
You closely miss the neqoxec. The ufetubus hits you.
You die...

##########≈≈#''§
#########≈≈≈≈≈≈
.....∩.∩#≈≈≈≈≈## ##
....∩.∩.#≈≈≈≈##. .##
...∩.∩..#≈≈≈≈#..#..#
..∩.∩...#≈≈### #.# ###
.⌠.∩....#≈##.###'###.##
..∩.∩..@#≈#.#.##.##...#
...∩.∩.535+.##'.<.÷##.+
....∩.∩.#≈#..###.##...#
▓▓▓▓▓▓###≈##.# #'###.##
$Fs######≈≈####.#†####
?Fs# ##≈≈≈#.###.# ∩P(
+#≈## ## (. ≈≈# ≈≈


You could see an oklob plant, 2 spiny frogs, a neqoxec, 2 redbacks and 2
ufetubi.

Vanquished Creatures
  2 hippogriffs (D)
  3 neqoxecs (D)
  Menkaure (D)
  4 necrophages (D)
  4 worker ants (D)
14 creatures vanquished.

Vanquished Creatures (others)
  A crocodile (D)
1 creature vanquished.

Grand Total: 15 creatures vanquished

Notes
Turn   | Place    | Note
-------+----------+-------------------------------------------
     0 | D        | potatolord6000 the Human Fighter began the quest for the Orb.
     0 | D        | Reached XP level 1. HP: 18/18 MP: 1/1
     1 | D        | Noticed a worker ant
     1 | D        | Noticed a worker ant
     9 | D        | Killed a worker ant
     9 | D        | Reached XP level 2. HP: 25/25 MP: 2/2
     9 | D        | Reached XP level 3. HP: 30/30 MP: 3/3
    21 | D        | Reached XP level 4. HP: 24/38 MP: 4/4
    22 | D        | Reached skill level 5 in Fighting
    22 | D        | Reached skill level 5 in Armour
    22 | D        | Reached skill level 5 in Shields
    27 | D        | Noticed a necrophage
    27 | D        | Noticed a necrophage
    27 | D        | Noticed a necrophage
    27 | D        | Noticed a necrophage
    31 | D        | Killed a necrophage
    31 | D        | Reached skill level 5 in Axes
    31 | D        | Reached XP level 5. HP: 30/46 MP: 5/5
    36 | D        | Killed a necrophage
    36 | D        | Reached XP level 6. HP: 34/54 MP: 6/6
    41 | D        | Killed a necrophage
    48 | D        | Killed a necrophage
    48 | D        | Reached XP level 7. HP: 30/60 MP: 7/7
   271 | D        | Noticed a neqoxec
   276 | D        | Noticed a neqoxec
   280 | D        | Killed a neqoxec
   283 | D        | Gained mutation: Armour fits poorly on your strangely shaped body. [a neqoxec]
   288 | D        | Killed a neqoxec
   291 | D        | Found Lakhunis's Jewellery Emporium.
   292 | D        | Found Ocabu's Jewellery Shoppe.
   292 | D        | Found Kuodady's Distillery.
   292 | D        | Found Tuadgh's Jewellery Shoppe.
   292 | D        | Found Fozetiff's Gadget Shoppe.
   292 | D        | Found Othoasun's Distillery.
   302 | D        | Noticed a hippogriff
   302 | D        | Noticed a hippogriff
   308 | D        | Killed a hippogriff
   308 | D        | Reached XP level 8. HP: 35/70 MP: 8/8
   311 | D        | Killed a hippogriff
   333 | D        | Found Eclot Roeru's Magic Scroll Shoppe.
   333 | D        | Found Qayhan's Antique Armour Emporium.
   333 | D        | Found Qiebo's Magic Scroll Shoppe.
   333 | D        | Found Piush's Book Shoppe.
   333 | D        | Found Ezuhifogac's Food Emporium.
   334 | D        | Found Watsyderyi's Antique Armour Shoppe.
   334 | D        | Found Nithre Rats's Book Emporium.
   336 | D        | Found Ostue's Antique Weapon Shoppe.
   336 | D        | Found Pets's Gadget Emporium.
   336 | D        | Noticed a redback
   337 | D        | Noticed Menkaure
   337 | D        | Noticed a redback
   337 | D        | Noticed an oklob plant
   338 | D        | Found Ahiucics's Book Shoppe.
   345 | D        | Noticed a spiny frog
   346 | D        | Noticed a spiny frog
   361 | D        | HP: 3/72 [Menkaure (6)]
   365 | D        | Killed Menkaure
   367 | D        | HP: 2/72 [ufetubus[a neqoxec] (3)]
   367 | D        | Gained mutation: You expend magic power (3 MP) to strengthen your wands. [a neqoxec]
   368 | D        | Slain by an ufetubus

Vault maps used:
D:        the_violet_keep_of_menkaure

Skill      XL: |  1  2  3  4  5  6  7  8 |
---------------+-------------------------+-----
Fighting       | 4 6 7 9 |  9.8
Axes           | 3 4 5 6 7 8 9 |  9.5
Armour         | 4 6 7 9 |  9.8
Shields        | 4 6 7 9 |  9.7

Action                   |  1- 3 |  4- 6 |  7- 9 || total
-------------------------+-------+-------+-------++-------
Melee: War axe           |    17 |    21 |    45 ||    83
  Use: Potion            |     1 |       |     4 ||     5
Armor: Scale mail        |     4 |       |    10 ||    14
Dodge: Dodged            |     6 |     8 |     8 ||    22
Block: Shield            |     7 |     7 |    27 ||    41

Table legend:
 A = Spawn XP
 B = Non-spawn XP
 C = Spawn XP percentage of total XP
 D = Spawn monster count
 E = Non-spawn monster count
 F = Spawn count percentage of total count
 G = Total turns spent on level
                    A         B        C        D         E        F      G
               +---------+---------+-------+---------+---------+-------+---------
         Total |       0 |    1869 |   0.0 |       0 |      14 |   0.0 |   368
               +---------+---------+-------+---------+---------+-------+---------
             D |       0 |    1869 |   0.0 |       0 |      14 |   0.0 |   368
               +---------+---------+-------+---------+---------+-------+---------
